[Event "*** MasterClass Titled Tuesday Blitz"]
[Site "Chess.com"]
[Date "2017.12.05"]
[Round "8"]
[White "Zkid"]
[Black "Sam_ChessMood"]
[Result "1-0"]
[WhiteElo "2579"]
[BlackElo "2611"]
[TimeControl "180+2"]
[EndTime "16:00:18 PST"]
[Termination "Zkid won by resignation"]

1. e4 c5 2. Nf3 d6 3. d4 cxd4 4. Nxd4 Nf6 5. Nc3 a6 6. h3 e5 7. Nde2 h5 8. Bg5 Be7 9. Ng3 g6 10. Bc4 Nc6 11. Nf1 Na5 12. Bb3 Be6 13. Ne3 Nxb3 14. axb3 Nxe4 15. Nxe4 Bxg5 16. Nxg5 Qxg5 17. Qxd6 Rd8 18. Qc5 Rc8 19. Qd6 Rc6 20. Qb8+ Bc8 21. Ra5 f6 22. h4 Qf4 23. Ra4 Qh6 24. Rc4 Rxc4 25. bxc4 O-O 26. O-O g5 27. Nd5 Qg7 28. hxg5 fxg5 29. Re1 e4 30. Qd6 Bf5 31. Ne7+ Kh7 32.
Nxf5 Rxf5 33. Rxe4 Rf7 34. Qd5 Re7 35. Qf5+ Kh6 36. c3 Rxe4 37. Qxe4 Qd7 38. Qd5 Qe7 39. Kf1 h4 40. c5 Qh7 41. Qd6+ Kh5 42. Qd1+ Kh6 43.
f3 Qf5 44. Qd6+ Kh5 45. Ke2 Qc2+ 46. Qd2 Qb1 47. b4 Qg1 48. Kd3 g4 49. fxg4+ Kxg4 50. Qe2+ Kf4 51. Qe4+ Kg5 52. Kc4 Qf1+ 53. Kd5 Qc1 54. c4 Qd2+ 55. Ke6 Qxb4 56. Qf5+ Kh6 57. Qf4+ Kg6 58. Qg4+ Kh6 59. Qxh4+ Kg6 60. Qg4+ Kh6 61. Kf7 1-0

[Event "*** MasterClass Titled Tuesday Blitz"]
[Site "Chess.com"]
[Date "2017.12.05"]
[Round "8"]
[White "mikhaillushenkov"]
[Black "GeorgMeier"]
[Result "0-1"]
[WhiteElo "2594"]
[BlackElo "2802"]
[TimeControl "180+2"]
[EndTime "16:00:22 PST"]
[Termination "GeorgMeier won by resignation"]

1. Nf3 d6 2. d4 Bg4 3. e4 e6 4. Bd3 Nf6 5. c4 Be7 6. Nc3 e5 7. d5 Nfd7 8. O-O a5 9. Nb5 Na6 10. h3 Bxf3 11. Qxf3 Bg5 12. Qg3 h6 13. b3 O-O 14. a3 Bxc1 15. Rfxc1 Qg5 16. Qf3 g6 17.
Rc3 f5 18. Rb1 Ndc5 19. Qe2 Kh7 20. Bc2 Nxe4 21. Bxe4 fxe4 22. Qxe4 Rf4 23. Qe2 Raf8 24. Rf1 Qf6 25. Rg3 Qf5 26. Re3 h5 27. Qd2 b6 28.
Qe2 Rf7 29. Nc3 Nc5 30. Nb5 h4 31. b4 axb4 32. axb4 Ne4 33. Qd3 Nxf2 34. Qxf5 R4xf5 35. Rc1 Rf4 36. c5 dxc5 37. bxc5 bxc5 38. Rxc5 Ne4 39. Rxc7 Ng3 40. Rxf7+ Rxf7 41. Rf3 Kg7 42. Kf2 Nf5 43.
Ke1 Rd7 44. d6 Kf6 45. Rd3 e4 46.
Rd2 Ke5 47. Ke2 Nxd6 48. Rd1 Rd8 49. Nxd6 Rxd6 50. Ra1 Kf4 51. Kf1 Kg3 52. Ra3+ Rd3 53. Ra2 Rb3 54. Rc2 g5 55. Ra2 Rb1+ 56. Ke2 Kxg2 57.
Ke3+ Kxh3 58. Kxe4 g4 0-1

[Event "*** MasterClass Titled Tuesday Blitz"]
[Site "Chess.com"]
[Date "2017.12.05"]
[Round "8"]
[White "aa175"]
[Black "lucasmito"]
[Result "0-1"]
[WhiteElo "1868"]
[BlackElo "2203"]
[TimeControl "180+2"]
[EndTime "16:00:26 PST"]
[Termination "lucasmito won by checkmate"]

1. e4 e5 2. Nf3 Nc6 3. Bc4 Nf6 4. d3 Bc5 5. Nc3 d6 6. h3 a6 7. a3 Ba7 8. Ba2 h6 9. O-O O-O 10. Be3 Re8 11. Qd2 Be6 12. Kh2 d5 13. exd5 Nxd5 14. Nxd5 Bxd5 15. Bxa7 Rxa7 16. Bxd5 Qxd5 17. Rfe1 Raa8 18.
Qe3 Rad8 19. Nd2 Nd4 20. Rac1 f5 21. Nc4 Nc6 22. Nd2 e4 23. Nb3 exd3 24. Qxd3 Qxd3 25.
cxd3 Rxe1 26. Rxe1 Rxd3 27. Nc5 Rd2 28. Nxb7 Rxb2 29. Nc5 Rxf2 30. Nxa6 Ra2 31. Nxc7 Rxa3 32.
Nd5 Rd3 33. Nf4 Rd2 34. Rc1 Nd4 35. Rc8+ Kf7 36. Rc7+ Kg8 37. Rc8+ Kh7 38. Rc7 Nf3+ 39. Kg3 Ng5 40. Nh5 Ne6 41. Rb7 Kg6 42. Nf4+ Nxf4 43.
Kxf4 Rxg2 44. Rb6+ Kh5 45. Kxf5 Rg3 46. Rb7 g5 47.
Rb6 Rf3+ 48. Ke4 Rxh3 49. Rb5 Kg4 50. Rb4 Rf3 51. Ke5+ Rf4 52. Rb6 h5 53. Rb3 h4 54.
Kd5 h3 55. Ke5 h2 56. Rb1 Kg3 57. Ke6 Kg2 58. Rb2+ Rf2 59. Rb1 g4 60. Rh1 Kxh1 61. Ke5 Kg2 62. Ke4 h1=Q 63. Kd5 Qe1 64. Kd6 Kf1 65.
Kc5 Rd2 66. Kb4 Qc1 67. Kb3 Rb2+ 68. Ka3 Qa1# 0-1

[Event "*** MasterClass Titled Tuesday Blitz"]
[Site "Chess.com"]
[Date "2017.12.05"]
[Round "8"]
[White "nubair1198"]
[Black "jcibarra"]
[Result "0-1"]
[WhiteElo "2530"]
[BlackElo "2682"]
[TimeControl "180+2"]
[EndTime "16:00:32 PST"]
[Termination "jcibarra won by resignation"]

1. Nf3 Nf6 2. c4 g6 3. b3 Bg7 4. Bb2 O-O 5. g3 d6 6. d4 c5 7. Bg2 Qa5+ 8. Bc3 Qb6 9. Nbd2 Ng4 10. e3 Nc6 11. dxc5 dxc5 12. Bxg7 Kxg7 13. O-O Rd8 14.
Qc2 Nf6 15. Rfd1 Bf5 16. Qb2 Nb4 17. Ne5 Bc2 18. a3 Bxd1 19. axb4 Qxb4 20. Rxd1 Rd6 21. Kf1 Rad8 22. Ke2 Kg8 23. Qc2 a5 24. Bf3 Ne8 25.
h4 f6 26. Ng4 f5 27. Nh2 Nf6 28. Nhf1 e5 29. Ra1 e4 30. Bg2 Ng4 31. Ra4 Qb6 32.
Qc3 Qc7 33. Qxa5 Qd7 34. Ra2 b6 35. Qc3 Rd3 36. Qa1 Qd6 37. Bxe4 fxe4 38. Nxe4 Qe6 39.
Ra7 Ne5 40. f3 Qf5 41. Nfd2 Rxd2+ 42. Nxd2 Qd3+ 43. Ke1 Qxd2+ 44. Kf1 Qd1+ 45. Qxd1 Rxd1+ 46. Ke2 Rb1 47. Ra8+ Kf7 48. f4 Rb2+ 49. Kd1 Ng4 50. Ra7+ Ke6 51. e4 Rxb3 52. Rxh7 Rxg3 53. Rg7 Nf2+ 54. Ke2 Nxe4 55. h5 gxh5 56. Rb7 Rb3 57.
Rh7 Nf6 58. Rh8 Kf5 59. Rd8 Kxf4 60. Rd6 Ne4 61. Rh6 Re3+ 62. Kd1 Ng3 63. Rf6+ Nf5 64.
Rxb6 Re4 65. Rb4 cxb4 66. c5 Rc4 67. c6 b3 68. c7 b2 69. Ke2 b1=Q 70. c8=Q Qe4+ 71. Kd2 Rxc8 0-1

[Event "*** MasterClass Titled Tuesday Blitz"]
[Site "Chess.com"]
[Date "2017.12.05"]
[Round "8"]
[White "bascheyaro"]
[Black "HarutyunianTigranK"]
[Result "1-0"]
[WhiteElo "2624"]
[BlackElo "2543"]
[TimeControl "180+2"]
[EndTime "16:00:40 PST"]
[Termination "bascheyaro won by checkmate"]

1. d4 Nf6 2. c4 e6 3. Nf3 d5 4. e3 Bd6 5. Nc3 O-O 6. Qc2 b6 7.
cxd5 exd5 8. Bd3 a6 9. O-O Nbd7 10. Nxd5 Nxd5 11. Bxh7+ Kh8 12. Be4 N7f6 13. Bxd5 Nxd5 14.
e4 Nb4 15. Qb3 a5 16. a3 Ba6 17. axb4 Bxf1 18. Kxf1 axb4 19. Rb1 c5 20. Ng5 Qd7 21. e5 Bxe5 22. dxe5 c4 23. Qf3 Qd3+ 24. Qxd3 cxd3 25. Be3 Kg8 26. Rd1 Rfd8 27. Nf3 b5 28. Bd4 Ra2 29. Ke1 b3 30. Kd2 b4 31. Rb1 Rc8 32.
Kxd3 Rc2 33. Nd2 Rc6 34. Nxb3 Rh6 35. h3 Rg6 36. g3 Rh6 37. h4 Ra8 38. Nc5 Rc6 39.
Ne4 Rd8 40. Ra1 Rd5 41. Nd6 f5 42. Ra8+ Kh7 43. h5 Kh6 44. Nf7+ Kxh5 45. f3 Rc1 46. Rh8+ Kg6 47. e6 Rd1+ 48. Ke2 R1xd4 49. e7 Rd2+ 50. Ke3 R2d3+ 51. Kf2 Rd2+ 52. Kf1 Rd1+ 53. Kf2 R5d2+ 54.
Ke3 Rd3+ 55. Kf4 Rd4+ 56. Ke5 R4d2 57. Ke6 Re1+ 58. Ne5+ Rxe5+ 59. Kxe5 Kf7 60. e8=Q# 1-0

[Event "*** MasterClass Titled Tuesday Blitz"]
[Site "Chess.com"]
[Date "2017.12.05"]
[Round "8"]
[White "JoachimBN"]
[Black "pulvettd"]
[Result "1-0"]
[WhiteElo "2555"]
[BlackElo "2276"]
[TimeControl "180+2"]
[EndTime "16:00:44 PST"]
[Termination "JoachimBN won by resignation"]

1. e4 c5 2. Nf3 e6 3. b3 b6 4. Bb2 Bb7 5. Bd3 Nc6 6. O-O Nf6 7. Re1 Be7 8. e5 Nd5 9. Be4 O-O 10. c4 Nc7 11. d4 d5 12. exd6 Qxd6 13. dxc5 bxc5 14.
Nc3 Rab8 15. Qxd6 Bxd6 16. Rad1 Rfd8 17. Na4 f5 18. Bb1 e5 19. Bxf5 Nd4 20. Nxd4 exd4 21. Ba3 Na6 22. Nb2 g6 23. Be4 Kf7 24. Nd3 Re8 25.
Bxb7 Rxb7 26. Rxe8 Kxe8 27. Re1+ Kd7 28. f4 Rb8 29. Kf2 Rf8 30. Kf3 Kc6 31. h4 Nc7 32. g4 Rf6 33. Ne5+ Kb7 34. Nd3 Kc6 35. Re4 h5 36. g5 Rf5 37. Bc1 Kd7 38. Re2 Ne6 39. a3 a6 40. Bd2 Rf8 41. b4 cxb4 42. axb4 Ng7 43. c5 Bc7 44. Re4 Nf5 45. Be1 Rb8 46. Ke2 a5 47. bxa5 Rb3 48. Ne5+ Bxe5 49. fxe5 Ke6 50.
c6 Rb2+ 51. Kd3 Rb1 52. Bd2 Rb8 53. Re1 Rc8 54. Rc1 Kd5 55. c7 Kxe5 56. a6 Nd6 57.
a7 Ra8 58. Bb4 Nc8 59. Bc5 Kd5 60. Bxd4 Kd6 61. Be3 Kd7 62. Ke4 Nd6+ 63. Kd5 Nf5 64. c8=Q+ Rxc8 65. Rxc8 Nxe3+ 66. Ke4 1-0

[Event "*** MasterClass Titled Tuesday Blitz"]
[Site "Chess.com"]
[Date "2017.12.05"]
[Round "8"]
[White "Kaphrep"]
[Black "AndrBaryshpolets"]
[Result "1/2-1/2"]
[WhiteElo "2581"]
[BlackElo "2494"]
[TimeControl "180+2"]
[EndTime "16:00:47 PST"]
[Termination "Game drawn by repetition"]

1. d4 d5 2. Nf3 Nf6 3. c4 e6 4. Nc3 c6 5. e3 Nbd7 6. Be2 dxc4 7. a4 Bd6 8. Nd2 c5 9. Nxc4 Be7 10. dxc5 Nxc5 11.
Qxd8+ Bxd8 12. O-O Bd7 13. b4 Nb3 14. Rb1 Nxc1 15.
Rfxc1 O-O 16. Bf3 Rb8 17. e4 b5 18. axb5 Bxb5 19. Nxb5 Rxb5 20. Nd6 Rb8 21. Nc8 a6 22.
Na7 Bb6 23. Nc6 Rb7 24. Ra1 Ra8 25. b5 a5 26. e5 Nd5 27. Bxd5 exd5 28. Kf1 a4 29. Ra3 g6 30. Ke2 Kg7 31. f4 f6 32.
exf6+ Kxf6 33. Nb4 d4 34. Rc6+ Kf7 35. Nd5 Bd8 36.
b6 Ra5 37. Rd6 Be7 38. Nxe7 Kxe7 39. Rxd4 Rxb6 40. Rdxa4 Rxa4 41. Rxa4 Kf6 42. Ra3 h5 43. Kf3 Rc6 44. Kg3 Rc2 45. Ra6+ Kf5 46. Ra5+ Kf6 47.
Ra3 Rb2 48. Rc3 Ra2 49. Kf3 Rb2 50. h3 Ra2 51. g4 hxg4+ 52. hxg4 Ra6 53. Kg3 Ra1 54.
Rc6+ Kg7 55. Kh4 Ra5 56. Rb6 Kf7 57. Rb7+ Kf8 58. Rc7 Rb5 59. Rd7 Ra5 60. Kg3 Ra3+ 61. Kf2 Rb3 62. Rc7 Ra3 63. Rb7 Rc3 64. Rd7 Ra3 65.
Kg2 Rb3 66. Rh7 Ra3 67. Rh3 Ra4 68. Kg3 Kg7 69. Rh2 g5 70. fxg5 Kg6 71. Kh4 Ra1 72.
Rb2 Rh1+ 73. Kg3 Kxg5 74. Rb5+ Kg6 75. Rb6+ Kg5 76. Rb5+ Kg6 77. Ra5 Kf6 78. Rb5 Kg6 1/2-1/2

[Event "*** MasterClass Titled Tuesday Blitz"]
[Site "Chess.com"]
[Date "2017.12.05"]
[Round "8"]
[White "isaacAbdulsalam"]
[Black "tteshan"]
[Result "0-1"]
[WhiteElo "1955"]
[BlackElo "2020"]
[TimeControl "180+2"]
[EndTime "16:01:36 PST"]
[Termination "tteshan won by checkmate"]

1. d4 d5 2. c4 dxc4 3. Nc3 a6 4. a4 Nc6 5. Nf3 Bg4 6. e3 e6 7. Bxc4 Nf6 8. h3 Bh5 9. O-O Bd6 10. g4 Bg6 11. Re1 Ne4 12. Nxe4 Bxe4 13. Nd2 Bg6 14. b3 Qh4 15. Qf3 O-O 16. Ba3 Bxa3 17. Rxa3 Nb4 18. Rc1 c6 19. Kg2 Qe7 20. Raa1 Nc2 21. Ra2 Nb4 22. Raa1 b5 23. Bf1 Rac8 24. Rc5 f5 25. Rac1 fxg4 26. Qxg4 Bf5 27. Qg3 Rf6 28. Kh2 Rg6 29. Qf4 Nd5 30. Qe5 Qg5 31. Qg3 Qh5 32. Qe5 Qh4 33. Bg2 Qxf2 34. Rg1 Qh4 35. Nf3 Rxg2+ 36.
Kxg2 Bxh3+ 37. Kh2 Qf2+ 38. Kxh3 Qxf3+ 39. Rg3 Qh1+ 40. Kg4 Nf6+ 41. Kf4 Qf1+ 42. Rf3 Qg2 43. Qxe6+ Kh8 44. Qxc8+ Ng8 45. Rxc6 Qh2+ 46. Ke4 Qh5 47. Qf5 Qe8+ 48. Kd3 Qxc6 49. Qf8 Qg6+ 50. Qf5 Qc6 51. d5 Qc5 52. Qe4 bxa4 53. bxa4 Qa3+ 54. Kd4 Qxa4+ 55. Ke5 Qe8+ 56. Kf4 Qf7+ 57. Kg3 Qc7+ 58. Qe5 Qxe5+ 59. Kf2 Qxd5 60. Ke2 Qe4 61. Rf4 Qc2+ 62. Kf3 a5 63. e4 a4 64. e5 a3 65. Ra4 Qxa4 66. Ke3 a2 67. e6 a1=Q 68. e7 Qe5+ 69. Kf2 Qaf4+ 70.
Kg1 Qeg5+ 71. Kh1 Qxe7 72. Kg2 Qeg5+ 73. Kh3 Qfg3# 0-1

[Event "*** MasterClass Titled Tuesday Blitz"]
[Site "Chess.com"]
[Date "2017.12.05"]
[Round "8"]
[White "pastouche06"]
[Black "Bryakin_Mikhail"]
[Result "0-1"]
[WhiteElo "2330"]
[BlackElo "2545"]
[TimeControl "180+2"]
[EndTime "16:01:57 PST"]
[Termination "Bryakin_Mikhail won by resignation"]

1. d4 d5 2. c4 c6 3. Nf3 Nf6 4. e3 a6 5. Bd2 b5 6. cxb5 cxb5 7. a4 bxa4 8. Ne5 e6 9. Qxa4+ Nfd7 10. Ba5 Qe7 11. Nc3 f6 12. Nf3 Bb7 13. Be2 Nc6 14. O-O Nxa5 15. Qxa5 Qb4 16. Rfc1 Bd6 17. Ne1 Ke7 18. Nd3 Qxa5 19. Rxa5 Rhc8 20. Kf1 Rc6 21.
Ke1 Rac8 22. Kd1 Nb6 23. Ra2 Nc4 24. Na4 Ra8 25. Nac5 Bc8 26. g3 Bxc5 27. Nxc5 Nd6 28. Rca1 Rb8 29. f3 Rbb6 30. Bd3 h6 31. f4 e5 32.
fxe5 fxe5 33. Na4 Rb4 34. Nc3 Be6 35. dxe5 Nf7 36. Rxa6 Rxa6 37. Rxa6 Nxe5 38. Kc2 Nxd3 39.
Kxd3 Rxb2 40. Kd4 Rd2+ 41. Ke5 Bf7 42. Ra7+ Kf8 43. Ra8+ Ke7 44. Ra7+ Kf8 45. Nb5 Kg8 46.
Nd6 Bg6 47. Ra3 Rxh2 48. Nf5 Bxf5 49. Kxf5 Rd2 50. Kg6 Rf2 51. Ra5 Rf6+ 52. Kh5 Rf5+ 53.
Kg4 Rg5+ 54. Kf4 Kh7 55. Ra3 Kg6 56. e4 dxe4 57. Kxe4 Rf5 58. g4 Rf1 59. Rg3 Kg5 60.
Ke3 Rf4 61. Rg1 Rxg4 62. Rc1 h5 63. Kf3 Kh6 64. Rc6+ g6 65. Rc5 Rg5 66. Rc8 Rf5+ 67. Kg3 Kg5 68. Rc6 h4+ 69. Kh3 Kh5 70. Rc8 Rf3+ 71.
Kg2 Ra3 72. Rc7 g5 73. Rh7+ Kg4 74. Rb7 Ra2+ 75. Kg1 h3 76. Rb4+ Kg3 77. Rb3+ Kh4 78.
Rb4+ g4 79. Rc4 Ra3 80. Rd4 Kg3 81. Rd1 Rf3 82. Rc1 Kh4 83. Rd1 g3 84. Rd4+ Kg5 85. Rb4 Rf4 86. Rb8 Kg4 87. Rb3 h2+ 88. Kg2 Rf2+ 0-1

[Event "*** MasterClass Titled Tuesday Blitz"]
[Site "Chess.com"]
[Date "2017.12.05"]
[Round "8"]
[White "MITerryble"]
[Black "OparinGrigoriy"]
[Result "1/2-1/2"]
[WhiteElo "2666"]
[BlackElo "2717"]
[TimeControl "180+2"]
[EndTime "16:04:26 PST"]
[Termination "Game drawn by agreement"]

1. d4 f5 2. Bg5 h6 3. Bh4 g5 4. Bg3 Nf6 5. e3 d6 6. Bc4 e6 7. h4 Rg8 8. hxg5 hxg5 9. Nd2 Nc6 10. c3 Qe7 11. Qb3 a6 12. Ne2 Rb8 13. Bd3 Bd7 14. c4 b5 15. cxb5 axb5 16. Rc1 Nd5 17. Bxf5 Na5 18. Qa3 exf5 19. Qxa5 f4 20. exf4 gxf4 21. Bh4 Qe6 22. Kf1 Qg4 23. Rh2 Rh8 24. Nf3 Bg7 25.
Qa3 Qf5 26. Kg1 Kf7 27. Qb3 c6 28. Nc3 Rbc8 29. Re1 Rhe8 30. Rd1 b4 31. Nxd5 Qxd5 32. Qxd5+ cxd5 33. Bg5 Bg4 34. Rh4 Bxf3 35. gxf3 Rc2 36.
Bxf4 Ree2 37. Bxd6 Rxf2 38. Bxb4 Rxb2 39. a3 Rxf3 40. Rf1 Rxf1+ 41. Kxf1 Bf6 42. Rg4 Ke6 43. Rf4 Bg5 44. Rf3 Bf6 45. Rd3 Kf5 46. Rf3+ Kg6 47.
Bc5 Bg5 48. Ke1 Kh5 49. Rf5 Kg4 50. Rxd5 Be3 51. Rd8 Kf3 52. Rf8+ Ke4 53. Re8+ Kd3 54. Kf1 Rf2+ 55. Ke1 Rg2 56. Rxe3+ Kxe3 57. d5+ Ke4 58. d6 Rg7 59. Kd2 Kd5 60. Bb4 Kc6 61. Kd3 Rg4 62. Ke3 Rc4 63. Kd3 Rg4 64. Ke3 Rh4 65. Kd3 Rh3+ 66. Ke4 Rh1 67. Ke5 Kd7 68. Kd5 Rh5+ 69. Kc4 Kc6 70. Kb3 Rh4 71. Ka4 Rh8 72. Kb3 Rg8 73. Kc4 Rh8 74. Kd4 Re8 75. Kd3 Re5 76. Kc4 Re4+ 77. Kd3 Rg4 78. Ke3 Rg8 79. Ke4 Re8+ 80. Kf5 Re2 81. Kf6 Kd7 82. Kf5 Re6 83.
Kf4 Rh6 84. Ke4 Rh4+ 85. Kd5 Rh5+ 86. Kc4 Kc6 87. Kd4 Rh8 88. Ke5 Kd7 89. Kd5 Rg8 90.
Kc5 Rb8 91. a4 Rc8+ 92. Kb5 Rb8+ 93. Kc5 Rc8+ 94. Kd5 Rb8 95. Kc5 Rc8+ 96. Kb5 Rb8+ 97. Kc4 Rc8+ 98. Bc5 Kc6 99. Bb4 Rg8 100. Kc3 Rg3+ 101. Kc4 Rg4+ 102. Kb3 Rg3+ 103. Kc4 Rg4+ 104. Kc3 Re4 105. Kb3 Rd4 106. Kc3 Rd1 107. Kc4 Ra1 108. Kb3 Rb1+ 109. Kc4 Rb2 110. Kc3 Re2 111. Kb3 Re3+ 112. Kc4 Re4+ 113. Kc3 Rg4 114. Kb3 Rd4 115. Kc3 Rd5 116. Kc4 Rh5 117. Kc3 Rh3+ 118. Kc4 Rh4+ 119. Kb3 Rh3+ 120. Kc4 Rh4+ 121. Kc3 1/2-1/2

[Event "*** MasterClass Titled Tuesday Blitz"]
[Site "Chess.com"]
[Date "2017.12.05"]
[Round "9"]
[White "Sola00"]
[Black "aa175"]
[Result "0-1"]
[WhiteElo "1543"]
[BlackElo "1871"]
[TimeControl "180+2"]
[EndTime "16:07:06 PST"]
[Termination "aa175 won by checkmate"]

1. d4 d6 2. e4 e5 3. Nf3 Nc6 4. Bb5 exd4 5. Nxd4 Bd7 6. Bxc6 bxc6 7. Nc3 Nf6 8. O-O Be7 9. Bg5 O-O 10. Re1 h6 11. Bh4 Re8 12. Nb3 Nxe4 13. Bxe7 Nxc3 14. Bxd8 Nxd1 15. Bxc7 Rxe1# 0-1

[Event "*** MasterClass Titled Tuesday Blitz"]
[Site "Chess.com"]
[Date "2017.12.05"]
[Round "9"]
[White "RookSacrifice_OLD"]
[Black "Sulvyfex"]
[Result "1-0"]
[WhiteElo "1838"]
[BlackElo "1349"]
[TimeControl "180+2"]
[EndTime "16:08:22 PST"]
[Termination "RookSacrifice_OLD won by resignation"]

1. d4 d5 2. c4 c6 3. Nf3 Nf6 4. e3 Bf5 5. Nc3 e6 6. Nh4 Bg6 7. Be2 Nbd7 8. O-O Bd6 9. h3 Ne4 10. Nxg6 Nxc3 11. bxc3 hxg6 12. cxd5 cxd5 13. c4 dxc4 14.
Bxc4 O-O 15. Bb3 Rc8 16. Bb2 Nb6 17. Qe2 Qd7 18. Rac1 Na4 19. Ba1 Nb6 20. e4 Bf4 21. Rcd1 Na4 22. d5 Nc3 23. Bxc3 Rxc3 24. dxe6 Qxe6 25.
Bxe6 1-0

[Event "*** MasterClass Titled Tuesday Blitz"]
[Site "Chess.com"]
[Date "2017.12.05"]
[Round "9"]
[White "ChessMavenYeti"]
[Black "ENEASZ"]
[Result "0-1"]
[WhiteElo "2067"]
[BlackElo "2392"]
[TimeControl "180+2"]
[EndTime "16:08:24 PST"]
[Termination "ENEASZ won by resignation"]

1. d4 g6 2. c4 Bg7 3. e4 d6 4.
Be2 e5 5. Be3 Nc6 6. d5 Nd4 7.
Bxd4 exd4 8. Nf3 Nf6 9. Nxd4 Nxe4 10. O-O O-O 11. Nc3 Nxc3 12. bxc3 Re8 13. Bg4 Bd7 14. Bxd7 Qxd7 15. Rb1 c5 16. dxc6 bxc6 17. Qf3 Rac8 18.
Rfd1 d5 19. cxd5 cxd5 20. Nb3 Rxc3 21. Qxd5 Re1+ 22. Rxe1 Qxd5 23. Rbd1 Rd3 24. Rc1 Bc3 0-1

[Event "*** MasterClass Titled Tuesday Blitz"]
[Site "Chess.com"]
[Date "2017.12.05"]
[Round "9"]
[White "DiogenesSinopeus"]
[Black "SanQui14"]
[Result "1-0"]
[WhiteElo "2355"]
[BlackElo "2177"]
[TimeControl "180+2"]
[EndTime "16:08:42 PST"]
[Termination "DiogenesSinopeus won by resignation"]

1. e4 e5 2. f4 Nc6 3. Nf3 exf4 4. Nc3 Bc5 5. d4 Bb6 6. Bxf4 d6 7. Bc4 Nf6 8. Bg5 O-O 9. Nd5 Qe8 10. Bxf6 Qxe4+ 11. Kf1 Be6 12. Nxb6 Bxc4+ 13. Nxc4 gxf6 14. Qd3 1-0

[Event "*** MasterClass Titled Tuesday Blitz"]
[Site "Chess.com"]
[Date "2017.12.05"]
[Round "9"]
[White "sandager"]
[Black "d4xaoc"]
[Result "1-0"]
[WhiteElo "1978"]
[BlackElo "1196"]
[TimeControl "180+2"]
[EndTime "16:08:43 PST"]
[Termination "sandager won by resignation"]

1. e4 e6 2. d4 c5 3. d5 exd5 4.
exd5 d6 5. Nf3 Bg4 6. Be2 Be7 7. O-O Nf6 8. c4 O-O 9. Nc3 Nbd7 10. Bf4 Bf5 11.
Nh4 Bg6 12. Nxg6 fxg6 13. Bg3 Nh5 14. Bxh5 gxh5 15. Qxh5 Nf6 16. Qe2 Qd7 17. Rae1 Rae8 18. Qe6+ Qxe6 19. Rxe6 Nd7 20. Rfe1 Ne5 21. Bxe5 dxe5 22.
R6xe5 Rf7 23. d6 Rxf2 24. Rxe7 Rf1+ 25. Kxf1 Rf8+ 26. Kg1 Rd8 27. Re8+ Rxe8 28. Rxe8+ Kf7 29. d7 1-0

[Event "*** MasterClass Titled Tuesday Blitz"]
[Site "Chess.com"]
[Date "2017.12.05"]
[Round "9"]
[White "ppchess2017"]
[Black "oogee"]
[Result "0-1"]
[WhiteElo "1802"]
[BlackElo "2112"]
[TimeControl "180+2"]
[EndTime "16:08:52 PST"]
[Termination "oogee won by checkmate"]

1. e4 c5 2. Nc3 Nc6 3. Nf3 g6 4.
d4 cxd4 5. Nxd4 Bg7 6. Be3 Nf6 7. Bd3 O-O 8. h4 d5 9. Nxc6 bxc6 10. exd5 cxd5 11.
Bg5 e5 12. h5 e4 13. hxg6 fxg6 14. Bb5 d4 15. Bc4+ Kh8 16. Nxe4 Qa5+ 17. Bd2 Qe5 18.
f3 Nxe4 19. fxe4 Qg3+ 20. Ke2 Bg4# 0-1

[Event "*** MasterClass Titled Tuesday Blitz"]
[Site "Chess.com"]
[Date "2017.12.05"]
[Round "9"]
[White "chesstrophy1"]
[Black "calemcc"]
[Result "0-1"]
[WhiteElo "1463"]
[BlackElo "2259"]
[TimeControl "180+2"]
[EndTime "16:09:12 PST"]
[Termination "calemcc won by checkmate"]

1. e4 e6 2. d4 d5 3. exd5 exd5 4. c4 Nf6 5. Nc3 Be7 6. Nf3 O-O 7.
Bf4 Bg4 8. h3 Bh5 9. Be2 c6 10.
b3 Bb4 11. Qc2 Ne4 12. Bd2 Nxd2 13. Qxd2 Re8 14. O-O Bxc3 15. Qxc3 Rxe2 16. Qd3 Bxf3 17. Qxf3 Re4 18. Rad1 Nd7 19. cxd5 cxd5 20. Rfe1 Nf6 21. Rxe4 Nxe4 22. Kf1 Qf6 23. Qxf6 Nxf6 24. Rc1 Kf8 25. Rc7 b6 26. f3 a5 27. Rc6 b5 28. Rc5 Rb8 29.
a3 Ke7 30. Ke2 Ke6 31. g3 Kd6 32. Kd3 Nd7 33. Rc2 Re8 34. b4 axb4 35. axb4 Ra8 36.
Ke2 Nb6 37. f4 Nc4 38. g4 Ra4 39. Kd3 Rxb4 40. Re2 Rb3+ 41. Kc2 Re3 42. Rf2 b4 43. h4 b3+ 44. Kc1 b2+ 45. Kb1 Re1+ 46. Kc2 b1=Q+ 47.
Kc3 Re3# 0-1

[Event "*** MasterClass Titled Tuesday Blitz"]
[Site "Chess.com"]
[Date "2017.12.05"]
[Round "9"]
[White "ZalupiNputiN"]
[Black "VampirePrincessMiu"]
[Result "1-0"]
[WhiteElo "2039"]
[BlackElo "1000"]
[TimeControl "180+2"]
[EndTime "16:09:47 PST"]
[Termination "ZalupiNputiN won by checkmate"]

1. e4 d6 2. d4 c6 3. Nf3 Nd7 4. Bc4 Qc7 5. Ng5 e6 6. Bxe6 f6 7. Bf7+ Ke7 8. Bxg8 fxg5 9. Bxg5+ Nf6 10. Bb3 Qa5+ 11.
Qd2 Qxd2+ 12. Nxd2 h6 13. Bxf6+ gxf6 14. O-O-O Be6 15. d5 cxd5 16. exd5 Bg4 17. f3 Bf5 18. Rhe1+ Kd7 19. Ba4+ Kc7 20. Re3 Bg7 21. Re7+ Kb6 22. Rxg7 Rhe8 23. Nc4+ Kc5 24. Rc7+ Kb4 25. Rxb7+ Kxc4 26. b3+ Kc5 27. Rb5# 1-0

[Event "*** MasterClass Titled Tuesday Blitz"]
[Site "Chess.com"]
[Date "2017.12.05"]
[Round "9"]
[White "Rsnr"]
[Black "Zkid"]
[Result "1-0"]
[WhiteElo "2648"]
[BlackElo "2569"]
[TimeControl "180+2"]
[EndTime "16:09:49 PST"]
[Termination "Rsnr won by resignation"]

1. d4 Nf6 2. c4 e6 3. Nf3 Bb4+ 4. Nbd2 d5 5. e3 b6 6. a3 Be7 7. b4 Bb7 8. Bb2 Nbd7 9. Bd3 c5 10. cxd5 Bxd5 11.
dxc5 bxc5 12. b5 Nb6 13. Rc1 O-O 14. O-O Rc8 15. Ne5 Nfd7 16. Nec4 Bf6 17. Bxf6 Qxf6 18. Qc2 h6 19. a4 Nxc4 20. Bxc4 Rfd8 21. Rfd1 Ne5 22.
f4 Ng4 23. Re1 Qh4 24. Nf3 Bxf3 25. gxf3 Nf6 26. Qf2 Qh5 27. e4 Rd4 28. a5 Rcd8 29. Be2 e5 30. Rxc5 Qg6+ 31. Kh1 exf4 32. Rg1 Qh7 33.
Qxd4 1-0

[Event "*** MasterClass Titled Tuesday Blitz"]
[Site "Chess.com"]
[Date "2017.12.05"]
[Round "9"]
[White "Diwi89"]
[Black "kleinebeer98"]
[Result "1-0"]
[WhiteElo "2722"]
[BlackElo "2504"]
[TimeControl "180+2"]
[EndTime "16:10:02 PST"]
[Termination "Diwi89 won by resignation"]

1. e4 e5 2. Nf3 Nc6 3. Bb5 f5 4. d4 fxe4 5. Nxe5 Nf6 6. O-O Bd6 7. f4 exf3 8. Nxf3 O-O 9. Bg5 Qe8 10.
Nc3 Qh5 11. Qd2 b6 12. Bxf6 Rxf6 13. Bc4+ Kh8 14. Ne4 Rh6 15. Nxd6 Rxd6 16. Ng5 Rf6 17. Nf7+ Kg8 18. Ng5+ Kh8 19. Rae1 Bb7 20. Nf7+ Kg8 21. Rxf6 gxf6 22. Nd6+ Kg7 23. Nxb7 Rb8 24. Ba6 Qd5 25. c4 Qxd4+ 26. Qxd4 Nxd4 27. Re7+ Kg6 28. Rxd7 c5 29. b4 Re8 30. bxc5 Ne2+ 31. Kf2 Nc3 32. c6 Re2+ 33. Kf3 1-0

[Event "*** MasterClass Titled Tuesday Blitz"]
[Site "Chess.com"]
[Date "2017.12.05"]
[Round "9"]
[White "MateusViageiro"]
[Black "TheBigBoss04"]
[Result "1-0"]
[WhiteElo "2200"]
[BlackElo "2482"]
[TimeControl "180+2"]
[EndTime "16:10:18 PST"]
[Termination "MateusViageiro won by resignation"]

1. e4 c6 2. d4 d5 3. Nc3 dxe4 4. Nxe4 Bf5 5. Ng3 Bg6 6. h4 h6 7. h5 Bh7 8. Nf3 Nd7 9. Bd3 Bxd3 10. Qxd3 e6 11. Bd2 Ngf6 12. O-O-O Be7 13. Kb1 Qc7 14. c4 O-O-O 15. Bc3 c5 16. dxc5 Nxc5 17. Qe2 Rxd1+ 18. Rxd1 Rd8 19. Ne5 Rxd1+ 20. Qxd1 Bd6 21. Qe2 Na4 22. Bd4 a6 23. b3 Nc5 24. Bxc5 Bxc5 25. Nd3 Bd4 26. Ne4 Qd6 27. Nxd6+ 1-0

[Event "*** MasterClass Titled Tuesday Blitz"]
[Site "Chess.com"]
[Date "2017.12.05"]
[Round "9"]
[White "josemoramoron"]
[Black "TomasPabloFerreira"]
[Result "1-0"]
[WhiteElo "2194"]
[BlackElo "974"]
[TimeControl "180+2"]
[EndTime "16:10:35 PST"]
[Termination "josemoramoron won by resignation"]

1. e4 e6 2. d4 d5 3. Nc3 Nf6 4. e5 Nfd7 5. f4 c5 6. Nf3 Nc6 7. Be3 Qb6 8. Na4 Qa5+ 9. c3 cxd4 10. b4 Qc7 11. Nxd4 Nxd4 12. Bxd4 Be7 13. Bd3 O-O 14.
O-O b6 15. Rf3 f5 16. exf6 Bxf6 17. Rh3 Bxd4+ 18. cxd4 Nf6 19. Rf3 Qd6 20. a3 Bb7 21. Nc3 Rac8 22. Ne2 Ne4 23. Ng3 Rxf4 24. Rxf4 Qxf4 25.
Bxe4 Qxe4 26. Nxe4 1-0